 Dungeon Crawl Stone Soup version 0.16-a0-331-g39fd2ee (webtiles) character file.

6 Kashira the Caller (level 1, -1/13 HPs)
             Began as a Mummy Summoner on Sept 8, 2014.
             Slain by a giant gecko (3 damage)
             ... on Level 1 of the Dungeon.
             The game lasted 00:01:40 (292 turns).

Kashira the Caller (Mummy Summoner)                  Turns: 292, Time: 00:01:40

HP  -1/13        AC  2     Str 11      XL: 1   Next: 75%
MP   1/3         EV 12     Int 14      God:
Gold 23          SH  0     Dex 10      Spells:  1 memorised,  3 levels left

rFire  x . .     SeeInvis .     c - +0 spear
rCold  + . .     Clarity  .     a - +0 robe
rNeg   + + +     rCorr    .     (no shield)
rPois  +         rRot     +     (no helmet)
rElec  .         Spirit   .     (no cloak)
SustAb .         Warding  .     (no gloves)
rMut   .         Stasis   .     (no boots)
Gourm  .                        (no amulet)
MR     .....                    (no ring)
                                g - cursed -2 ring of dexterity

@: not resistant to hostile enchantments, unstealthy
A: no food or potions, fire vulnerability, restore body, cold resistance 1,
negative energy resistance 3, poison resistance, torment resistance, unbreathing
a: no special abilities


You were on level 1 of the Dungeon.
You were not hungry.

You visited 1 branch of the dungeon, and saw 1 of its levels.

You collected 23 gold pieces.

Inventory:

Hand weapons
 c - a +0 spear (weapon)
Armour
 a - a +0 robe (worn)
Scrolls
 d - a scroll of identify {unknown}
 e - a scroll of blinking {unknown}
 f - 2 scrolls of enchant weapon {unknown}
Jewellery
 g - a cursed -2 ring of dexterity (left hand)
Books
 b - a book of Callings

   Spells                             Type                      Level
   *Summon Small Mammal               Summoning                    1
   Call Imp                           Summoning                    2
   Call Canine Familiar               Summoning                    3
   Summon Guardian Golem              Hexes/Summoning              4
   Summon Lightning Spire             Summoning/Air                4
   Summon Ice Beast                   Ice/Summoning                4


   Skills:
 + Level 1.5 Dodging
 + Level 1.5 Stealth
 + Level 2.0 Spellcasting
 * Level 3.5 Summonings


You had 3 spell levels left.
You knew the following spells:

 Your Spells              Type           Power        Failure   Level  Hunger
a - Summon Small Mammal   Summ           ##..         6%          1    N/A

Dungeon Overview and Level Annotations

Branches:
Dungeon (1/15)

Altars:


Innate Abilities, Weirdness & Mutations

You do not eat or drink.
Your flesh is vulnerable to fire.
Your flesh is cold resistant.
You are immune to negative energy.
Your system is resistant to poisons.
You are immune to unholy pain and torment.
You can survive without breathing.


Message History

The bat hits your rat but does no damage.
The bat hits you but does no damage.
Your rat closely misses the giant gecko.
The giant gecko bites you.
You hit the giant gecko but do no damage.
The giant gecko is heavily wounded.
The bat closely misses you.
The bat hits your rat but does no damage.
The bat hits you but does no damage. The giant gecko bites you.
* * * LOW HITPOINT WARNING * * *
The bat barely misses you.
Your rat barely misses the giant gecko.
You are too injured to fight recklessly!
You are too injured to fight recklessly!
Unknown command.
You swap places.
The bat barely misses your rat. The bat closely misses you.
The giant gecko hisses menacingly.
The giant gecko misses you.
Your rat misses the giant gecko.
The bat hits your rat but does no damage.
The giant gecko bites you.
You die...

########.... . #.#. ##..
.# ..#..# ########.#
....## #........# ....
#....##..# #...
.........# #...
.....#.!#######.###
##...#......#...@.#
##...#.####)#.#lb##
.......####.#.#r.##....
...#####...b#...........
#..# #......#b.##....
#..# #....#.#..# ... # .
#.........# . #
............. ##
####...........


You could see a giant gecko, 2 bats and a friendly rat.

Vanquished Creatures
  2 bats (D:1)
  A hobgoblin (D:1)
  A kobold (D:1)
4 creatures vanquished.

Vanquished Creatures (collateral kills)
  A giant gecko (D:1)
  A rat (D:1)
2 creatures vanquished.

Vanquished Creatures (others)
  3 bats (D:1)
  A quokka (D:1)
  3 rats (D:1)
7 creatures vanquished.

Grand Total: 13 creatures vanquished

Notes
Turn   | Place    | Note
--------------------------------------------------------------
     0 | D:1      | Kashira, the Mummy Summoner, began the quest for the Orb.
     0 | D:1      | Reached XP level 1. HP: 13/13 MP: 3/3
   292 | D:1      | Slain by a giant gecko

Action                   || total
-------------------------++-------
Melee: Spear             ||    14
 Cast: Summon Small Mamm ||    12
